AoeStats
← The Brave Sir Robin

QS Arena

503150611Analyzed
1v1 RM · 1mo ago on Aug 30, 2026· 43m 40s· 2 players
Game mode
Random Map
Map size
Tiny (2 player)
Population
200
Speed
Normal
Resources
Standard
Victory
Conquest
Starting age
Dark Age
Ending age
Imperial Age
RankedLock teamsTeams togetherTeam positionsShared explorationLock speedFull tech treeHidden civsTurbo modeCheats
Victory
Defeat
🇩🇰 Franks · Denmark
1071
+18
🇦🇺 Hindustanis · Australia
1104
-18
The Brave Sir Robin
8:42 Feudal Age
9:40 Double-Bit Axe
12:26 Castle Age
10:37 Gold Mining
13:30 Bow Saw
18:08 Wheelbarrow
20:39 Hand Cart
20:24 Stone Mining
22:39 Gold Shaft Mining
27:29 Imperial Age
25:42 Ballistics
24:45 Pikeman
25:26 Squires
26:31 Scale Mail Armor
26:36 Scale Barding Armor
26:42 Forging
28:21 Chain Barding Armor
28:16 Chain Mail Armor
29:18 Chemistry
27:42 Halberdier
28:59 Conscription
29:28 Iron Casting
32:30 Plate Mail Armor
33:01 Blast Furnace
32:42 Husbandry
32:03 Cavalier
37:20 Paladin
39:26 Plate Barding Armor
40:00 Chivalry
41:31 Padded Archer Armor
41:21 Fletching
chromies
5:43 Loom
8:12 Feudal Age
9:01 Double-Bit Axe
8:57 Horse Collar
11:12 Wheelbarrow
14:25 Castle Age
12:43 Loom
12:51 Gold Mining
19:58 Bow Saw
25:53 Imperial Age
25:19 Heavy Plow
26:31 Hand Cart
27:17 Scale Barding Armor
27:23 Forging
28:40 Chain Barding Armor
29:29 Chemistry
28:54 Conscription
29:09 Bloodlines
28:59 Husbandry
28:20 Heavy Camel Rider
29:59 Iron Casting
30:24 Grand Trunk Road
31:10 Gold Shaft Mining
32:29 Plate Barding Armor
33:30 Blast Furnace
32:49 Elite Ghulam
35:28 Fletching
35:52 Padded Archer Armor
36:19 Scale Mail Armor
36:02 Light Cavalry
38:17 Chain Mail Armor
38:45 Shatagni
38:40 Hussar
39:40 Thumb Ring
39:33 Bodkin Arrow
39:38 Padded Archer Armor
39:57 Shatagni
40:21 Bracer
Connection lost

Rejoining the realm…

Still unreachable

The connection could not be restored.

Session expired

The server has moved on; the page needs a fresh start.